 Dungeon Crawl Stone Soup version 0.26.1-11-gd32895ea62 (webtiles) character file.

Game seed: 6273755799740956770

49 Kalagan26 the Sneak (level 3, -1/26 HPs)
             Began as a Vampire Hedge Wizard on June 23, 2021.
             Slain by a gnoll
             ... wielding a +0 spear
              (9 damage)
             ... on level 2 of the Dungeon.
             The game lasted 00:08:41 (1471 turns).

Kalagan26 the Sneak (Vampire Hedge Wizard)          Turns: 1471, Time: 00:08:43

Health: -1/26      AC:  7    Str:  9    XL:     3   Next: 53%
Magic:  2/7        EV: 13    Int: 16    God:
Gold:   57         SH:  0    Dex: 14    Spells: 7/8 levels left

rFire    . . .     SeeInvis +   a - +0 dagger
rCold    . . .     Faith    .   (no shield)
rNeg     . . .     Spirit   .   b - +0 robe
rPois    .         Reflect  .   c - +0 hat
rElec    .         Harm     .   (no cloak)
rCorr    .         Rampage  .   h - +0 pair of gloves
Will     .....                  (no boots)
Stlth    +++.......             (no amulet)
HPRegen  0.28/turn              f - +4 ring of protection
MPRegen  0.10/turn              (no ring)

@: regenerating quickly
A: fangs 3, see invisible, unbreathing
a: Exsanguinate


You were on level 2 of the Dungeon.
You visited 1 branch of the dungeon, and saw 2 of its levels.

You collected 57 gold pieces.

Inventory:

Hand Weapons
 a - a +0 dagger (weapon)
 e - a +0 whip of freezing
Missiles
 i - 13 stones
Armour
 b - a +0 robe (worn)
 c - a +0 hat (worn)
 h - a +0 pair of gloves (worn)
Jewellery
 f - a +4 ring of protection (left hand)
Scrolls
 g - a scroll of magic mapping {unknown}
 j - a scroll of identify {unknown}
Potions
 d - a potion of lignification {unknown}
 k - a potion of brilliance {unknown}


   Skills:
 * Level 1.1 Fighting
 - Level 1.0 Short Blades
 + Level 2.8 Dodging
 * Level 4.6 Stealth
 - Level 3.0 Spellcasting
 - Level 0.6 Conjurations
 - Level 1.0 Summonings
 - Level 0.7 Translocations


You had 7 spell levels left.
You knew the following spells:

 Your Spells              Type           Power        Failure   Level
a - Magic Dart            Conj           16%          14%         1

Your spell library contained the following spells:

 Spells                   Type           Power        Failure   Level
 Call Imp                 Summ           5%           19%         2
 Blink                    Tloc           N/A          22%         2
 Slow                     Hex            2%           28%         2
 Conjure Flame            Conj/Fire      3%           45%         3
 Mephitic Cloud           Conj/Pois/Air  3%           45%         3


Dungeon Overview and Level Annotations

Branches:
Dungeon (2/15)

Altars:


Innate Abilities, Weirdness & Mutations

Your natural rate of healing is unusually fast.
You have razor-sharp teeth.
You have supernaturally acute eyesight. (SInv)
You can survive without breathing.


Message History

You see here a +0 club.
Aiming: Magic Dart (safe; 14% risk of failure)
Press: ? - help, Q - select action, (/) - cycle Shift-Dir - straight line, f/p - gnoll
Aim: a gnoll, wielding a +0 spear (severely wounded, 0% to evade)
The magic dart hits the gnoll.
The gnoll is severely wounded.
The gnoll closely misses you.
Aiming: Magic Dart (safe; 14% risk of failure)
Press: ? - help, Q - select action, (/) - cycle Shift-Dir - straight line, f/p - gnoll
Aim: a gnoll, wielding a +0 spear (severely wounded, 0% to evade)
The magic dart hits the gnoll.
The gnoll is almost dead.
The gnoll barely misses you.
Aiming: Magic Dart (safe; 14% risk of failure)
Press: ? - help, Q - select action, (/) - cycle Shift-Dir - straight line, f/p - gnoll
Aim: a gnoll, wielding a +0 spear (severely wounded, 0% to evade)
The magic dart hits the gnoll.
The gnoll is almost dead.
The gnoll hits you from afar with a +0 spear!
You die...

###.##...#####.#######.#
##.......#...(....g#
#.........##########
#.#.......#
#.#.#.......#
#.#.#.......#
#.#'#g......#
#...<....#+## #....@...#
#........# #........#
#..).....# #.#)#....#
#.#.#.#..# #.#†#....#
#.####.# .# #......#+#.#
#.


You could see a gnoll.

Vanquished Creatures
  2 adders (D:1)
  A gnoll (D:2)
  A giant cockroach (D:1)
  2 hobgoblins
  A quokka (D:1)
  A ball python (D:2)
  5 bats
  3 frilled lizards
  2 goblins (D:1)
  2 kobolds (D:2)
  5 rats (D:1)
25 creatures vanquished.

Vanquished Creatures (others)
  A rat (D:2)
  4 toadstools (D:1)
5 creatures vanquished.

Grand Total: 30 creatures vanquished

Notes
Turn   | Place    | Note
-------+----------+-------------------------------------------
     0 | D:1      | Kalagan26 the Vampire Hedge Wizard began the quest for the
                  | Orb.
     0 | D:1      | Reached XP level 1. HP: 13/13 MP: 4/4
   278 | D:1      | Reached XP level 2. HP: 12/20 MP: 0/6
   811 | D:1      | Reached skill level 4 in Stealth
  1187 | D:1      | Reached skill level 1 in Fighting
  1187 | D:1      | Reached XP level 3. HP: 26/26 MP: 0/7
  1416 | D:2      | Reached skill level 1 in Short Blades
  1471 | D:2      | Slain by a gnoll

Illustrated notes

Levels and vault maps discovered:
D:1:      ldierk_walled_garden_2, layout_basic, minmay_liquid_box,
          chequers_jeans, minmay_domino_2
D:2:      layout_basic, fiery_altar_vehumet,
          wander_ebering_terrifying_dragon_lair

Skill      XL: |  1  2  3 |
---------------+----------+-----
Stealth        | 4 |  4.6
Fighting       | 1 |  1.1
Short Blades   | 1 |  1.0
Dodging        | |  2.8
Spellcasting   | |  3.0
Conjurations   | |  0.6
Summonings     | |  1.0
Translocations | |  0.7

Action                   || total
-------------------------++-------
Melee: Dagger            ||    95
       Bite              ||    10
 Cast: Magic Dart        ||    35
 Stab: Sleeping          ||     5
       Distracted        ||     1
Armor: Robe              ||    48
Dodge: Dodged            ||   138
